cohdb
Replays
Latest Replays
All Replays
Popular Replays
Top Player Replays
Match Explorer
How It Works
Community
CoH3 Stats
Reddit
Sign in to upload your games and track your stats! →
Sign in with Steam
Match 32439183
Unlisted
Match 32439183
Overview
Messages
Build Orders
End
Kettenkrad Recon Vehicle
Construct Infanterie Kompanie
Grenadier Squad
Selects Italian Coastal Battlegroup
Selects Coastal Reserves
Coastal Reserve
Coastal Reserve
Infanterie Officer Quarters
Selects Artillery Officer
Coastal Reserve
Artillery Officer
Construct Panzergrenadier Kompanie
Pak 40 Anti-tank Gun Team
Coastal Reserve
Kettenkrad Recon Vehicle
MG 42 Machine Gun Team
Medical Bunker
Construct Luftwaffe Kompanie
Support Elements
Wirbelwind Flakpanzer
Selects Obice da 210/22 Artillery Emplacement
Selects Designate Defensive Line
Designate Defensive Line
Selects Designated Artillery Overwatch
Marder III M Tank Destroyer
Pioneer Squad
Construct Panzer Kompanie
MaXiS
Caramez
0
0
Comments
sign in to comment!
No comments posted yet!